 Dungeon Crawl Stone Soup version 0.30-a0-29-g142975f185 (webtiles) character file.

Game seed: 10027123822689216563

63917 Zonian the Fighter (level 14, -13/103 (119) HPs)
             Began as a Demonspawn Ice Elementalist on Aug 26, 2022.
             Was an Elder of Ashenzari.
             Constricted to death by Jorgrun (26 damage)
             ... on level 14 of the Dungeon on Aug 27, 2022.
             The game lasted 01:32:28 (44049 turns).

Zonian the Fighter (Demonspawn Ice Elementalist)   Turns: 44049, Time: 01:32:36

HP:   -13/103 (119) AC:  8    Str: 15    XL:     14   Next: 69%
MP:   0/26          EV: 13    Int: 24    God:    Ashenzari [****..]
Gold: 80            SH: 12    Dex: 17    Spells: 8/29 levels left

rFire   . . .      SeeInvis +    T - +8 whip "Snakebite" {venom, curare, rPois}
rCold   . . .      Faith    .    l - +1 buckler
rNeg    . . .      Spirit   +    a - +0 robe of the Perceptive Comet {Evo, Cun} (curse)
rPois   +          Reflect  +    y - +0 helmet of the Omniscient Burden {Bglg, Comp} (curse)
rElec   .          Harm     .    z - +0 cloak of Ashenzari's Sorrow {Elem, Bglg} (curse)
rCorr   .          Rampage  .    (no gloves)
Will    +....      Clarity  +    O - +0 pair of boots of the Shattered Shame {Evo, Fort} (curse)
Stlth   +++++.....               C - amulet of Supernal Knowledge {Reflect SH+5, Cun, Melee} (curse)
HPRegen 0.27/turn                c - ring of the Shattered Seeker {Int+6, Alch, Evo} (curse)
MPRegen 0.40/turn                M - ring of the Unveiling Disgust {Str+6, Fort, Melee} (curse)

@: grasped by roots, constricted, heavily drained
A: thin metallic scales 2, foul stench 1, magic shield, magic regeneration,
demonic touch 2
a: Renounce Religion, Shatter the Chains


You were on level 14 of the Dungeon.
You worshipped Ashenzari.
Ashenzari was greatly pleased with you.
You visited 2 branches of the dungeon, and saw 19 of its levels.

You collected 1309 gold pieces.
You spent 1229 gold pieces at shops.

Inventory:

Hand Weapons
 g - a +1 dagger
 n - a +5 whip of flaming
 p - a +1 war axe of freezing
 A - the +2 mace of the Key {vorpal, Str+6 Dex+4}
   (You found it on level 1 of the Lair of Beasts)

   It inflicts extra damage upon your enemies.
   Str:       It affects your strength (+6).
   Dex:       It affects your dexterity (+4).
 B - a +3 demon whip of electrocution
 D - a +1 short sword of venom
 T - the +8 whip "Snakebite" (weapon) {venom, curare, rPois}
   (You bought it in a shop on level 9 of the Dungeon)

   It poisons the flesh of those it strikes.
   It occasionally inflicts asphyxiating poison on those it strikes, dealing
   poison damage and causing slowness.
   rPois:     It protects you from poison.
 X - the +11 dagger of Red Wine {vorpal, rN+ Int+4}
   (You found it on level 10 of the Dungeon)

   It inflicts extra damage upon your enemies.
   Int:       It affects your intelligence (+4).
   rN:        It protects you from negative energy.
Missiles
 k - 2 throwing nets
 I - 6 silver boomerangs
 W - 5 curare-tipped darts
Armour
 a - the cursed +0 robe of the Perceptive Comet (worn) {Evo, Cun}

   It has a curse which improves the following skills: Evocations: Evocations.
   Cunning:   Dodging and Stealth.
 l - a +1 buckler (worn)
 q - a +0 leather armour
 y - the cursed +0 helmet of the Omniscient Burden (worn) {Bglg, Comp}
   (You found it on level 5 of the Dungeon)

   It has a curse which improves the following skills: Beguiling: Conjurations,
   Hexes and Translocations.
   Companions: Summonings and Necromancy.
 z - the cursed +0 cloak of Ashenzari's Sorrow (worn) {Elem, Bglg}
   (You found it on level 6 of the Dungeon)

   It has a curse which improves the following skills: Elements: Fire Magic, Ice
   Magic, Air Magic and Earth Magic.
   Beguiling: Conjurations, Hexes and Translocations.
 J - a +0 ring mail of willpower
 O - the cursed +0 pair of boots of the Shattered Shame (worn) {Evo, Fort}
   (You found it on level 1 of the Lair of Beasts)

   It has a curse which improves the following skills: Evocations: Evocations.
   Fortitude: Armour and Shields.
 U - +0 steam dragon scales
Jewellery
 c - the cursed ring of the Shattered Seeker (left hand) {Int+6, Alch, Evo}
   (You found it on level 1 of the Dungeon)

   [ring of intelligence]

   Int:       It affects your intelligence (+6).
   It has a curse which improves the following skills: Alchemy: Poison Magic and
   Transmutations.
   Evocations: Evocations.
 C - the cursed amulet of Supernal Knowledge (around neck) {Reflect SH+5, Cun, Melee}
   (You bought it in a shop on level 10 of the Dungeon)

   [amulet of reflection]

   It reflects blocked missile attacks.
   SH:        It affects your SH (+5).
   It has a curse which improves the following skills: Cunning: Dodging and
   Stealth.
   Melee Combat: Short Blades, Long Blades, Axes, Maces & Flails, Polearms,
   Staves and Unarmed Combat.
 M - the cursed ring of the Unveiling Disgust (right hand) {Str+6, Fort, Melee}
   (You found it on level 5 of the Lair of Beasts)

   [ring of strength]

   Str:       It affects your strength (+6).
   It has a curse which improves the following skills: Fortitude: Armour and
   Shields.
   Melee Combat: Short Blades, Long Blades, Axes, Maces & Flails, Polearms,
   Staves and Unarmed Combat.
 N - a +6 ring of intelligence
 P - a ring of ice
 Q - a ring of protection from cold
 S - a ring of protection from fire
 V - a ring of fire
Wands
 s - a wand of flame (27)
 x - a wand of charming (14)
 E - a wand of digging (6)
 H - a wand of polymorph (20)
 K - a wand of mindburst (2)
Scrolls
 d - 6 scrolls of fear
 f - 3 scrolls of magic mapping
 o - 2 scrolls of poison
 t - 3 scrolls of teleportation
 R - 2 scrolls of silence
 Y - 2 scrolls of amnesia
Potions
 b - 2 potions of attraction
 e - 2 potions of might
 h - 5 potions of lignification
 i - 3 potions of flight
 j - 7 potions of curing
 m - a potion of haste
 r - a potion of resistance
 u - 2 potions of ambrosia
 v - a potion of heal wounds
 w - a potion of magic
 F - 3 potions of mutation


   Skills:
 + Level 13.9 Fighting
 - Level 12.0(14.9) Maces & Flails
 - Level 4.7(7.5) Dodging
 - Level 9.8(12.8) Stealth
 - Level 4.0(6.7) Shields
 - Level 8.0 Spellcasting
 - Level 3.1(5.6) Conjurations
 - Level 9.6(11.6) Ice Magic
 - Level 2.9(4.6) Air Magic
 - Level 6.0(8.0) Poison Magic
 - Level 1.5(4.0) Evocations


You had 8 spell levels left.
You knew the following spells:

 Your Spells              Type           Power      Damage    Failure   Level
a - Freeze                Ice            100%       1d11      1%          1
b - Frozen Ramparts       Ice            100%       1d16      1%          3
c - Ozocubu's Armour      Ice            60%        N/A       1%          3
d - Hailstorm             Conj/Ice       50%        3d11      2%          4
e - Mephitic Cloud        Conj/Pois/Air  38%        N/A       1%          3
f - Swiftness             Air            31%        N/A       3%          3
g - Olgreb's Toxic Radia  Pois           48%        N/A       3%          4

Your spell library contained the following spells:

 Spells                   Type           Power      Damage    Failure   Level
 Magic Dart               Conj           100%       1d8       1%          1
 Sting                    Tmut/Pois      100%       1d8       1%          1
 Poisonous Vapours        Pois/Air       78%        N/A       1%          2
 Apportation              Tloc           22%        N/A       7%          1
 Call Imp                 Summ           10%        N/A       12%         2
 Corpse Rot               Necr/Pois/Air  30%        N/A       14%         4
 Fulminant Prism          Conj/Hex       12%        3d9       24%         4
 Iskenderun's Mystic Bla  Conj/Tloc      24%        2d7       24%         4
 Alistair's Intoxication  Tmut/Pois      19%        N/A       38%         5
 Dispel Undead            Necr           10%        3d9       58%         4
 Simulacrum               Ice/Necr       19%        N/A       73%         6
 Lee's Rapid Deconstruct  Erth           5%         3d7*      91%         5
 Death Channel            Necr           5%         N/A       100%        6


Dungeon Overview and Level Annotations

Branches:
Dungeon (14/15)            Temple (0/1) D:6            Lair (5/5) D:8
  Swamp (0/4) Lair:2       Spider (0/4) Lair:3        Slime (0/5) Lair:5
    Orc (0/2) D:10
 Vaults: D:13-14

Altars:
Ashenzari
Cheibriados
Hepliaklqana
Qazlal
Sif Muna
Trog
Wu Jian
Jiyva

Shops:
D:5 [   D:8 [   D:9 !(:   D:10 =

Annotations:
D:2 1 runed translucent door, Crazy Yiuf, Natasha
D:7 2 transporters, iguanaiguana's ghost, journeyman MeVM
D:12 2 runed translucent doors, rubashov's ghost, journeyman DjHW
D:14 Jorgrun
Lair:4 3 runed translucent doors, Sobieck's ghost, journeyman VSHu
Lair:5 exclusion: oklob plant


Innate Abilities, Weirdness & Mutations

You are mostly covered in thin metallic scales. (AC +3)
You may rarely emit foul miasma when damaged in melee.
When hurt, damage is shared between your health and your magic reserves.
You regenerate magic rapidly.
Your touch may inflict irresistible damage on your foes.


Message History

Jorgrun is heavily wounded.
Jorgrun is engulfed in noxious fumes.
Jorgrun hits you with a staff of earth! Jorgrun shatters you!
You hit Jorgrun.
Jorgrun looks as sick as possible!
Jorgrun is heavily wounded.
Unknown command.
You completely miss Jorgrun.
Jorgrun is heavily wounded.
Unknown command.
You whack Jorgrun!
Jorgrun looks as sick as possible! x2; Jorgrun convulses.
Jorgrun seems to be slow for longer.
Jorgrun is severely wounded.
Jorgrun is engulfed in noxious fumes.
You block Jorgrun's attack.
Unknown command.
You completely miss Jorgrun.
Jorgrun is severely wounded.
Unknown command.
You whack Jorgrun!
Jorgrun looks as sick as possible! x2; Jorgrun convulses.
Jorgrun seems to be slow for longer.
Jorgrun is almost dead.
Unknown command.
You whack Jorgrun!
Jorgrun looks as sick as possible!
Jorgrun is almost dead.
Jorgrun is engulfed in noxious fumes.
Jorgrun gestures at you while chanting.
Roots burst forth from the earth!
The grasping roots grab you! The grasping roots constrict you.
You closely miss Jorgrun.
Jorgrun is almost dead.
You completely miss Jorgrun.
Jorgrun is almost dead.
Unknown command.
You barely miss Jorgrun.
Jorgrun is almost dead.
Jorgrun casts a spell at you. The iron shot hits you!!!
* * * LOW HITPOINT WARNING * * *
The grasping roots constrict you!!
You die...

**, , , * *
,..............# *
#..............* , *
#.............. , *
*#.............* ,* ####
#............#
###<.####$...........#
##.....####...........#
##......###....@g......#
##.....................##
#............##........#
...........####........#
..........<## ##......##
* ............# ##.......
, ............#
#####....,,*
#...........#* *.###***
#............#


You could see Jorgrun (extremely poisoned, slow).

Vanquished Creatures
  Rupert (D:12)
  A frost giant (shapeshifter) (Lair:5)
  Josephine (D:13)
  A rakshasa (D:13)
  A boulder beetle (D:11)
  5 hydras
  A death knight (D:9)
  A centaur warrior (D:13)
  2 two-headed ogres
  8 death yaks
  A tengu warrior (D:13)
  4 thrashing horrors (Lair:5)
  Urug (D:12)
  Sonja (D:10)
  Nergalle (D:12)
  A skeletal warrior (D:9)
  2 bog bodies (Lair:2)
  2 deep elf pyromancers (D:13)
  An orc knight (D:13)
  2 ugly things
  2 manticores
  A cyclops (D:12)
  An elephant (Lair:1)
  8 black mambas
  11 cane toads
  2 smoke demons (Lair:5)
  A large abomination (Lair:5)
  An unseen horror (D:8)
  A rime drake (shapeshifter) (D:9)
  6 rime drakes
  2 kobold demonologists (D:9)
  An ancient zyme (Lair:5)
  8 komodo dragons
  2 trolls (D:12)
  2 polar bears (Lair:5)
  21 blink frogs
  7 dream sheep (Lair:5)
  5 slime creatures (D:13)
  2 shadows
  4 wraiths
  A human (D:10)
  8 wyverns
  56 yaks
  4 vampire mosquitoes (D:11)
  8 basilisks
  A redback (Lair:3)
  A steam dragon (D:9)
  A chaos spawn (Lair:5)
  A warg (D:10)
  2 acid dragons
  7 water moccasins
  2 ice beasts
  6 orc warriors
  A sky beast (D:7)
  2 black bears
  2 ogres
  3 centaurs
  12 wolves
  A lemure (D:7)
  A phantom (D:5)
  2 kobold brigands (D:9)
  12 bullfrogs
  2 necrophages
  A gnoll sergeant (D:7)
  8 small abominations (Lair:5)
  3 scorpions
  9 wights
  22 killer bees
  A howler monkey (D:4)
  5 hounds
  3 jellies
  10 orc priests
  A gnoll bouda (D:5)
  3 iguanas
  12 orc wizards
  29 gnolls
  7 adders
  A shadow imp (D:7)
  4 white imps
  2 ufetubi (D:6)
  3 worms
  4 dart slugs
  43 orcs
  4 bats
  10 endoplasms
  3 giant cockroaches
  2 goblins (D:4)
  9 hobgoblins
  7 quokkas
  6 ball pythons
  3 frilled lizards
  11 kobolds
  A rat (D:1)
489 creatures vanquished.

Vanquished Creatures (collateral kills)
  A water elemental (D:13)
  2 orcs (D:13)
3 creatures vanquished.

Vanquished Creatures (others)
  A wizard (D:8)
  An efreet (D:13)
  A wolf (Lair:2)
  35 fungi
  37 plants
  10 toadstools (Lair:1)
85 creatures vanquished.

Grand Total: 577 creatures vanquished

Notes
Turn   | Place    | Note
-------+----------+-------------------------------------------
     0 | D:1      | Zonian the Demonspawn Ice Elementalist began the quest for
                  | the Orb.
     0 | D:1      | Reached XP level 1. HP: 13/13 MP: 3/3
   551 | D:1      | Gained mutation: You may rarely emit foul miasma when
                  | damaged in melee. [demonic ancestry]
   551 | D:1      | Reached XP level 2. HP: 2/19 MP: 1/5
  1840 | D:2      | Noticed a shining eye
  1847 | D:2      | Noticed an eye of devastation
  1887 | D:2      | Found a faded altar of an unknown god.
  1889 | D:2      | Noticed a floating eye
  1889 | D:2      | Noticed a golden eye
  1935 | D:2      | Reached XP level 3. HP: 20/24 MP: 2/6
  2694 | D:2      | Noticed Natasha
  3485 | D:2      | Found a runed translucent door.
  3486 | D:2      | Noticed Crazy Yiuf
  3709 | D:3      | Gained mutation: You are partially covered in thin metallic
                  | scales. (AC +2) [demonic ancestry]
  3709 | D:3      | Reached XP level 4. HP: 23/30 MP: 3/7
  4081 | D:3      | Reached skill level 1 in Shields
  4560 | D:3      | Learned a level 3 spell: Frozen Ramparts
  4564 | D:3      | Learned a level 3 spell: Ozocubu's Armour
  5142 | D:4      | Noticed an ogre
  5170 | D:4      | Gained mutation: You regenerate magic rapidly. [demonic
                  | ancestry]
  5170 | D:4      | Reached XP level 5. HP: 35/35 MP: 5/9
  5495 | D:4      | Noticed a black bear
  6402 | D:4      | Killed an ogre
  6403 | D:4      | Reached XP level 6. HP: 14/41 MP: 2/10
  7583 | D:5      | Entered Level 5 of the Dungeon
  7743 | D:5      | Found Baal's Dragon-Slaying Spoils.
  7786 | D:5      | Gained mutation: Your touch may inflict minor irresistible
                  | damage on your foes. [demonic ancestry]
  7786 | D:5      | Reached XP level 7. HP: 37/46 MP: 9/12
  8734 | D:5      | Found a snail-covered altar of Cheibriados.
  8741 | D:5      | Reached skill level 5 in Ice Magic
  9955 | D:5      | Gained mutation: Your touch may inflict irresistible damage
                  | on your foes. [demonic ancestry]
  9955 | D:5      | Reached XP level 8. HP: 43/52 MP: 10/14
 10082 | D:5      | Found a broken altar of Ashenzari.
 10405 | D:5      | Became a worshipper of Ashenzari the Shackled
 11233 | D:6      | Reached skill level 5 in Stealth
 11371 | D:6      | Reached XP level 9. HP: 57/57 MP: 16/16
 11948 | D:6      | Learned a level 4 spell: Hailstorm
 11992 | D:6      | Reached skill level 1 in Maces & Flails
 12273 | D:6      | Found a staircase to the Ecumenical Temple.
 13154 | D:7      | Reached * piety under Ashenzari
 13154 | D:7      | Identified a scroll of acquirement
 13166 | D:7      | Reached XP level 10. HP: 22/63 MP: 8/17
 13166 | D:7      | Acquired a +1 demon whip of venom
 13525 | D:7      | Found a transporter.
 13540 | D:7      | Found a transporter.
 13544 | D:7      | Noticed a two-headed ogre
 13546 | D:7      | Found a bloodstained altar of Trog.
 13567 | D:7      | Noticed a moth of wrath
 13589 | D:7      | Noticed iguanaiguana's ghost (journeyman MeVM)
 15255 | D:8      | Found a staircase to the Lair.
 15385 | D:8      | Reached ** piety under Ashenzari
 15623 | D:8      | Reached skill level 5 in Maces & Flails
 16149 | D:8      | Found a bloodstained altar of Trog.
 16151 | D:8      | Noticed a wizard
 16156 | D:8      | Killed a wizard
 16285 | D:8      | Found Xemucere's Armour Shop.
 16486 | Lair:1   | Entered Level 1 of the Lair of Beasts
 16705 | Lair:1   | Noticed a cane toad
 16734 | Lair:1   | Reached skill level 1 in Conjurations
 17144 | Lair:1   | Noticed a cane toad
 17150 | Lair:1   | Killed a cane toad
 17249 | Lair:1   | Noticed an elephant
 17542 | Lair:1   | Noticed a black mamba
 17549 | Lair:1   | Killed a black mamba
 17866 | Lair:1   | Noticed a black mamba
 17882 | Lair:1   | Killed a black mamba
 17932 | Lair:1   | Noticed a death yak
 17933 | Lair:1   | Noticed a death yak
 17933 | Lair:1   | Noticed a death yak
 17934 | Lair:1   | Noticed a death yak
 18422 | Lair:1   | Killed an elephant
 18573 | Lair:1   | Noticed a catoblepas
 18573 | Lair:1   | Noticed a catoblepas
 18589 | Lair:1   | Found a runed translucent door.
 18599 | Lair:1   | Noticed an elephant
 18747 | Lair:1   | Killed a cane toad
 18748 | Lair:1   | Reached XP level 11. HP: 56/68 MP: 10/18
 18935 | Lair:1   | Noticed a death yak
 18936 | Lair:1   | Noticed a death yak
 19022 | Lair:2   | Learned a level 3 spell: Mephitic Cloud
 19288 | Lair:2   | Found a staircase to the Swamp.
 19289 | Lair:2   | Noticed a bog body
 19290 | Lair:2   | Noticed a bog body
 19310 | Lair:2   | Killed a bog body
 19311 | Lair:2   | Reached skill level 1 in Air Magic
 19311 | Lair:2   | Reached skill level 1 in Poison Magic
 20156 | Lair:2   | Reached *** piety under Ashenzari
 20224 | Lair:2   | Reached skill level 1 in Fighting
 20249 | Lair:2   | Reached skill level 2 in Fighting
 20271 | Lair:2   | Reached skill level 3 in Fighting
 20849 | Lair:2   | Killed a bog body
 20850 | Lair:2   | Reached skill level 4 in Fighting
 21105 | Lair:3   | Reached skill level 5 in Fighting
 21474 | Lair:3   | Reached skill level 6 in Fighting
 21487 | Lair:3   | Noticed an eight-headed hydra
 21497 | Lair:3   | Killed an eight-headed hydra
 21498 | Lair:3   | Reached skill level 7 in Fighting
 21513 | Lair:3   | Gained mutation: You are mostly covered in thin metallic
                  | scales. (AC +3) [demonic ancestry]
 21513 | Lair:3   | Reached XP level 12. HP: 28/91 MP: 5/19
 22211 | Lair:3   | Found a hole to the Spider Nest.
 22223 | Lair:3   | Reached skill level 8 in Fighting
 22283 | Lair:3   | Reached skill level 5 in Spellcasting
 22705 | Lair:4   | Noticed a seven-headed hydra
 22716 | Lair:4   | Killed a seven-headed hydra
 23803 | Lair:4   | Noticed a four-headed hydra
 24973 | Lair:4   | Found a runed translucent gate.
 24974 | Lair:4   | Found a runed translucent gate.
 24976 | Lair:4   | Found a runed translucent gate.
 25005 | Lair:4   | Noticed a 14-headed hydra
 25006 | Lair:4   | Noticed a nine-headed hydra
 25006 | Lair:4   | Noticed Sobieck's ghost (journeyman VSHu)
 25006 | Lair:4   | Noticed a 12-headed hydra
 25006 | Lair:4   | Identified the +6 long sword of Baquori {vorpal, rCorr
                  | Dex+2 Stlth-}
 25096 | Lair:4   | Identified the Atlas of the Chilled Zephyr
 25100 | Lair:4   | Killed a four-headed hydra
 25110 | Lair:4   | Reached **** piety under Ashenzari
 25368 | Lair:5   | Entered Level 5 of the Lair of Beasts
 26214 | Lair:5   | Noticed a five-headed hydra
 26226 | Lair:5   | Reached skill level 10 in Maces & Flails
 26227 | Lair:5   | Killed a five-headed hydra
 26340 | Lair:5   | Gained mutation: When hurt, damage is shared between your
                  | health and your magic reserves. [demonic ancestry]
 26340 | Lair:5   | Reached XP level 13. HP: 87/98 MP: 23/25
 27051 | Lair:5   | Found a viscous altar of Jiyva.
 27051 | Lair:5   | Found a staircase to the Slime Pits.
 29007 | Lair:5   | Noticed a shadow dragon
 29071 | Lair:5   | Noticed a stone giant
 29103 | Lair:5   | Noticed a dire elephant
 29114 | Lair:5   | Noticed a frost giant
 29165 | Lair:5   | Killed a frost giant
 29905 | Lair:5   | Reached skill level 1 in Evocations
 29909 | Lair:5   | Learned a level 3 spell: Swiftness
 31046 | Lair:5   | Reached skill level 5 in Poison Magic
 32685 | Lair:1   | Identified the +2 mace of the Key {vorpal, Str+6 Dex+4}
 33622 | D:8      | Found an ornate altar of the Wu Jian Council.
 34018 | D:9      | Reached skill level 9 in Fighting
 34103 | D:9      | Found Wuow's Weapon Shoppe.
 34118 | D:9      | Bought the +8 whip "Snakebite" {venom, curare, rPois} for
                  | 704 gold pieces
 34118 | D:9      | Found the +8 whip "Snakebite" {venom, curare, rPois}
 34407 | D:9      | Found Umoesu's Book Boutique.
 34460 | D:9      | Found Jessu's Distillery.
 34468 | D:9      | Bought 2 potions of curing for 90 gold pieces
 34468 | D:9      | Bought a potion of curing for 45 gold pieces
 34558 | D:9      | Identified the +3 sling "Ihiddij" {flame, rElec Dex+3}
 35445 | D:8      | Identified the cursed +0 cloak of Ashenzari's Sorrow {Elem,
                  | Bglg} (You found it on level 6 of the Dungeon)
 35445 | D:8      | Identified the cursed +0 helmet of the Omniscient Burden
                  | {Bglg, Comp} (You found it on level 5 of the Dungeon)
 35445 | D:8      | Identified the cursed +0 pair of boots of the Shattered
                  | Shame {Evo, Fort} (You found it on level 1 of the Lair of
                  | Beasts)
 35445 | D:8      | Identified the cursed +0 robe of the Perceptive Comet {Evo,
                  | Cun}
 35445 | D:8      | Identified the cursed ring of the Shattered Seeker {Int+6,
                  | Alch, Evo} (You found it on level 1 of the Dungeon)
 35445 | D:8      | Identified the cursed ring of the Unveiling Disgust {Str+6,
                  | Fort, Melee} (You found it on level 5 of the Lair of
                  | Beasts)
 36208 | D:9      | Learned a level 4 spell: Olgreb's Toxic Radiance
 36316 | D:10     | Entered Level 10 of the Dungeon
 36326 | D:10     | Reached skill level 10 in Fighting
 36669 | D:10     | Found a hazy altar of Hepliaklqana.
 36679 | D:10     | Found a shimmering blue altar of Sif Muna.
 36697 | D:10     | Reached XP level 14. HP: 110/110 MP: 24/26
 37066 | D:10     | Found Kofuhusm's Jewellery Shoppe.
 37161 | D:10     | Identified the +11 dagger of Red Wine {vorpal, rN+ Int+4}
 37162 | D:10     | Noticed Sonja
 37192 | D:10     | Killed Sonja
 37423 | D:10     | Found a staircase to the Orcish Mines.
 38485 | D:11     | Reached skill level 11 in Fighting
 39106 | D:12     | Noticed Rupert
 39825 | D:12     | Paralysed by Rupert for 2 turns
 40013 | D:12     | Found a stormy altar of Qazlal.
 40027 | D:12     | Noticed Nergalle
 40048 | D:12     | Noticed Urug
 40050 | D:12     | Killed Nergalle
 40067 | D:12     | Killed Urug
 40121 | D:12     | Paralysed by Rupert for 5 turns
 40486 | D:12     | Paralysed by Rupert for 4 turns
 40504 | D:12     | Killed Rupert
 40505 | D:12     | Reached skill level 12 in Fighting
 40694 | D:12     | Found a large runed translucent door.
 40694 | D:12     | Found a large runed translucent door.
 40695 | D:12     | Noticed rubashov's ghost (journeyman DjHW)
 41718 | D:13     | Noticed Josephine
 41851 | D:13     | Reached skill level 13 in Fighting
 42221 | D:10     | Bought an amulet of reflection for 390 gold pieces
 43439 | D:13     | Killed Josephine
 43994 | D:14     | Noticed Jorgrun
 44049 | D:14     | Constricted to death by Jorgrun

Illustrated notes

Levels and vault maps discovered:
D:1:      mrwooster_arrival_statue_2, layout_rooms
D:2:      layout_rooms, hellmonk_ecumenical_altar_watching_god,
          chequers_serial_rivers_micro_a, uniq_natasha, uniq_crazy_yiuf_cottage
D:3:      layout_loops_ring
D:4:      layout_loops_corners, minmay_hedge_maze, kennysheep_boxes
D:5:      layout_gridville, mainiacjoe_overflow_chevrons,
          mainiacjoe_overflow_alcove_2, nicolae_shop_dragon_depot
D:6:      layout_basic, minmay_temple_entry_statues
D:7:      layout_basic, gammafunk_ghost_wrathful_warriors, uniq_pikel
D:8:      cheibrodos_helix_gallery, layout_basic, lemuel_doored_altar,
          trog_wizard, lair_entry_dummy, serial_shops, nicolae_square_shop
D:9:      layout_long_grid, serial_shops, shop, nicolae_shop_advertising_works
          [nicolae_subvault_shop_adworks], shop_statue, minmay_radiant
D:10:     layout_irregular_city, mainiacjoe_overflow_catwalk_spiral, erik_orc_4,
          serial_shops, nicolae_shop_behind_doors, uniq_sonja
D:11:     layout_basic
D:12:     layout_rooms, ebering_ghost_disaster_area, grunt_qazlal_sundering,
          uniq_rupert, uniq_nergalle, uniq_urug
D:13:     argonaut_augean_stables, layout_long_grid, portal_ice_cave_rime,
          uniq_josephine
D:14:     layout_cave_pods, david_vaults_1, elyvilon_altar_3, uniq_jorgrun
Lair:1:   gammafunk_lair_enchanted_lake, layout_regular_city
Lair:2:   layout_cave_pods, skrybe_swamp_entry_bodies
Lair:3:   layout_misc_corridors, spider_nest_entry_a
Lair:4:   layout_cave_pods, gammafunk_ghost_hydra_chop,
          dreamdust_mushroom_princess, infiniplex_staircase_pool_2
Lair:5:   hellmonk_lair_end_abyssal_woods, layout_regular_city, slime_entry_1,
          st_stairs_4, infiniplex_staircase_pool, grunt_megastairs_2

Skill      XL: |  1  2  3  4  5  6  7  8  9 10 11 12 13 14 |
---------------+-------------------------------------------+-----
Stealth        | 2 3 4 9 |  9.8
Dodging        | 2 3 4 |  4.7
Ice Magic      | 4 5 9 |  9.6
Shields        | 1 2 3 4 |  4.0
Spellcasting   | 3 4 8 |  8.0
Maces & Flails | 3 7 8 10 12 | 12.0
Conjurations   | 3 |  3.1
Air Magic      | 2 |  2.9
Poison Magic   | 2 6 |  6.0
Fighting       | 7 8 10 13 | 13.9
Evocations     | 1 |  1.5

Action                   |  1- 3 |  4- 6 |  7- 9 | 10-12 | 13-15 || total
-------------------------+-------+-------+-------+-------+-------++-------
Melee: Unarmed           |     8 |       |       |       |       ||     8
       Dagger            |    55 |    54 |       |       |       ||   109
       Whip              |       |    22 |   213 |       |   509 ||   744
       Demon whip        |       |       |       |   523 |   464 ||   987
       Short sword       |       |       |       |     4 |       ||     4
Throw: Dart              |       |       |       |       |     6 ||     6
       Throwing net      |       |       |       |       |     2 ||     2
       Boomerang         |       |       |       |       |     1 ||     1
 Cast: Freeze            |    53 |    51 |       |     5 |     9 ||   118
       Frozen Ramparts   |       |     3 |    13 |    35 |    29 ||    80
       Ozocubu's Armour  |       |     2 |     4 |     8 |    10 ||    24
       Hailstorm         |       |       |       |    14 |    11 ||    25
       Mephitic Cloud    |       |       |       |     2 |    13 ||    15
       Swiftness         |       |       |       |       |     2 ||     2
Invok: Curse Item        |       |       |     2 |     4 |     2 ||     8
       Shatter the Chain |       |       |       |       |     1 ||     1
Evoke: Wand              |       |     5 |     2 |    12 |     7 ||    26
  Use: Potion            |     1 |     1 |     3 |     5 |    10 ||    20
       Scroll            |       |    12 |     2 |     5 |    11 ||    30
 Stab: Sleeping          |     1 |     1 |     1 |     7 |    17 ||    27
       Distracted        |     1 |       |       |     2 |     1 ||     4
       Confused          |       |       |       |     3 |     8 ||    11
       Invisible         |       |       |       |       |     3 ||     3
       Held in net/web   |       |       |       |       |     2 ||     2
Armor: Robe              |    22 |    21 |    50 |    60 |    96 ||   249
       Skin              |       |       |     4 |       |       ||     4
Dodge: Dodged            |    78 |    53 |   133 |   254 |   341 ||   859
Block: Buckler           |    11 |    21 |    53 |   107 |   221 ||   413
       Reflection        |       |       |       |       |     3 ||     3

Table legend: (Time is in decaauts)
 A = Elapsed time spent in this place.
 B = Non-inter-level travel time spent in this place.
 C = Inter-level travel time spent in this place.
 D = Time resting spent in this place.
 E = Time spent auto-exploring this place.
 F = Levels seen in this place.
 G = Mean time per level.
                   A        B        C        D        E       F      G
               +--------+--------+--------+--------+--------+-----+--------+
         Total |  43560 |  42647 |    913 |  24528 |  10591 |  19 | 2292.6 |
       Dungeon |  26801 |  25999 |    802 |  14133 |   7633 |  14 | 1914.4 |
          Lair |  16759 |  16649 |    110 |  10395 |   2958 |   5 | 3351.8 |
               +--------+--------+--------+--------+--------+-----+--------+

Top non-repeatable levels by time:
  Lair:5: 6357 daAuts
     D:5: 3451 daAuts
  Lair:1: 3376 daAuts
  Lair:4: 2669 daAuts
     D:4: 2483 daAuts
     D:7: 2418 daAuts
  Lair:2: 2417 daAuts
     D:8: 2207 daAuts
     D:9: 1978 daAuts
    D:11: 1975 daAuts
    D:12: 1948 daAuts
  Lair:3: 1938 daAuts
    D:10: 1937 daAuts
     D:2: 1833 daAuts
     D:1: 1742 daAuts
